 Dungeon Crawl Stone Soup version 0.29.1-13-g9f3cf754e1 (webtiles) character file.

Game seed: 15864344010590083707

56 Exodus22XD the Poker (level 3, 0/27 HPs)
             Began as a Demonspawn Gladiator on Feb 3, 2023.
             Succumbed to an adder's poison
             ... on level 2 of the Dungeon.
             The game lasted 00:01:06 (1327 turns).

Exodus22XD the Poker (Demonspawn Gladiator)         Turns: 1327, Time: 00:01:07

Health: 0/27       AC:  4    Str: 16    XL:     3   Next: 69%
Magic:  3/3        EV: 13    Int:  9    God:
Gold:   49         SH:  0    Dex: 20    Spells: 2/2 levels left

rFire   . . .      SeeInvis .   a - +0 trident
rCold   . . .      Faith    .   (no shield)
rNeg    . . .      Spirit   .   b - +0 leather armour
rPois   .          Reflect  .   c - +0 helmet
rElec   .          Harm     .   (no cloak)
rCorr   .          Rampage  .   (no gloves)
Will    .....                   (no boots)
Stlth   ++........              (no amulet)
HPRegen 0.09/turn               g - +6 ring of dexterity
MPRegen 0.08/turn               (no ring)

@: brilliant, lethally poisoned (0 -> -10)
A: powered by pain 1
a: no special abilities


You were on level 2 of the Dungeon.
You visited 1 branch of the dungeon, and saw 2 of its levels.

You collected 49 gold pieces.

Inventory:

Hand Weapons
 a - a +0 trident (weapon)
Missiles
 d - 3 throwing nets (quivered)
 e - a javelin
Armour
 b - a +0 leather armour (worn)
 c - a +0 helmet (worn)
Jewellery
 g - a +6 ring of dexterity (left hand)
Scrolls
 h - 3 scrolls of identify {unknown}
 i - a scroll of summoning {unknown}
 j - 2 scrolls of fear {unknown}
 l - a scroll of noise {unknown}


   Skills:
 + Level 2.3 Fighting
 + Level 3.3 Polearms
 - Level 1.7 Throwing
 * Level 1.6 Armour
 + Level 2.9 Dodging
 + Level 0.2 Stealth


You had 2 spell levels left.
You didn't know any spells.
Your spell library was empty.

Dungeon Overview and Level Annotations

Branches:
Dungeon (2/15)

Altars:

Shops:
D:2 :


Innate Abilities, Weirdness & Mutations

You sometimes gain a little power by taking damage.


Message History

There are monsters nearby!
You hit the adder but do no damage. The adder closely misses you. x2
The adder bites you.
You are poisoned.
The adder poisons you!
There are monsters nearby!
You miss the adder.
You feel sick. The adder bites you but does no damage.
The adder barely misses you. The adder bites you but does no damage.
You hit the adder but do no damage.
You feel sick. The adder misses you. The adder closely misses you. x2
There are monsters nearby!
You miss the adder.
You feel sick.
You are no longer poisoned.
The adder closely misses you. The adder barely misses you.
The adder misses you.
You miss the adder. The adder misses you. The adder closely misses you.
The adder bites you but does no damage.
You barely miss the adder. The adder barely misses you. The adder bites you.
You are poisoned.
The adder poisons you! The adder bites you.
You are lethally poisoned!
The adder poisons you!
You are too injured to fight recklessly!
You puncture the adder!
The adder is severely wounded.
You feel very sick. The adder bites you.
* * * LOW HITPOINT WARNING * * *
You are more poisoned.
The adder poisons you! The adder barely misses you. x2
It was a potion of brilliance.
You feel clever all of a sudden.
* * * LOW HITPOINT WARNING * * *
You feel very sick. The adder barely misses you.
The adder bites you but does no damage. The adder barely misses you.
* * * LOW HITPOINT WARNING * * *
You feel sick.
It was a potion of magic.
Magic courses through your body.
You die...

#........# #
#........ ..#.
#.......
..#.###......###
...............
.......>....####
........S.....<.
#.###....S#+#
.........@#.#
..........#.#
......##..#.# .....
#..#.#
......##..#.####
..#............# .
#............#
#............##
....###.........#...#


You could see 2 adders.

Vanquished Creatures
  An adder (D:2)
  A worm (D:2)
  4 dart slugs (D:1)
  2 ball pythons (D:1)
  2 bats (D:1)
  4 endoplasms
  2 giant cockroaches (D:1)
  A goblin (D:1)
  2 hobgoblins
  3 kobolds
  4 quokkas
  A frilled lizard (D:1)
  6 rats
33 creatures vanquished.

Notes
Turn   | Place    | Note
-------+----------+-------------------------------------------
     0 | D:1      | Exodus22XD the Demonspawn Gladiator began the quest for the
                  | Orb.
     0 | D:1      | Reached XP level 1. HP: 16/16 MP: 1/1
   242 | D:1      | Reached skill level 3 in Polearms
   242 | D:1      | Gained mutation: You sometimes gain a little power by
                  | taking damage. [demonic ancestry]
   242 | D:1      | Reached XP level 2. HP: 20/22 MP: 2/2
   505 | D:1      | Reached skill level 1 in Armour
   513 | D:1      | Reached XP level 3. HP: 21/27 MP: 3/3
   580 | D:1      | Found a faded altar of an unknown god.
  1141 | D:2      | Found Kiguav's Book Boutique.
  1327 | D:2      | Succumbed to an adder's poison

Illustrated notes

Levels and vault maps discovered:
D:1:      nzn_arrival_settlement, layout_rooms, ebering_ecumenical_altar_box,
          chequers_serial_rivers_micro_a
D:2:      layout_basic, serial_shops, nicolae_diamond_shop, basic_altar,
          dk_noncrumbling_4, uniq_crazy_yiuf_cottage

Skill      XL: |  1  2 |
---------------+-------+-----
Polearms       | 3 |  3.3
Armour         | 1 |  1.6
Fighting       | |  2.3
Throwing       | |  1.7
Dodging        | |  2.9
Stealth        | |  0.2

Action                   || total
-------------------------++-------
Melee: Trident           ||   126
  Use: Potion            ||     2
 Stab: Sleeping          ||     2
Armor: Leather armour    ||    37
Dodge: Dodged            ||    81
